 Dungeon Crawl Stone Soup version 0.22-a0-580-gd5db89c09a (webtiles) character file.

262 Hibernaculum the Sneak (level 6, 0/42 HPs)
             Began as an Octopode Fighter on July 2, 2018.
             Slain by a gnoll
             ... wielding a +0 spear
              (10 damage)
             ... on level 4 of the Dungeon.
             The game lasted 00:04:19 (2787 turns).

Hibernaculum the Sneak (Octopode Fighter)           Turns: 2787, Time: 00:04:20

Health: 0/42       AC:  1    Str: 16    XL:     6   Next: 18%
Magic:  6/6        EV:  9    Int: 10    God:
Gold:   234        SH:  9    Dex: 13    Spells: 5/5 levels left

rFire    . . .     SeeInvis .   a - +1 rapier
rCold    . . .     Gourm    .   b - +0 shield
rNeg     . . .     Faith    .   (helmet restricted)
rPois    .         Spirit   .   (no amulet)
rElec    .         Reflect  .   j - -3 ring of evasion (curse)
rCorr    .         Harm     .   (no ring)
MR       .....                  (no ring)
Stlth    ++++......             (no ring)
HPRegen  0.14/turn              (no ring)
MPRegen  0.10/turn              (no ring)
                                (no ring)
                                (no ring)

@: no status effects
A: almost no armour, stealthy swim, amphibious, 8 rings, constrict 8, camouflage
1, gelatinous body 1
a: no special abilities


You were on level 4 of the Dungeon.
You were not hungry.

You visited 1 branch of the dungeon, and saw 4 of its levels.

You collected 234 gold pieces.

Inventory:

Hand Weapons
 a - a +1 rapier (weapon)
Armour
 b - a +0 shield (worn)
Jewellery
 j - a cursed -3 ring of evasion (left tentacle)
Wands
 k - a wand of clouds (9)
Scrolls
 e - 2 scrolls of immolation
 i - a scroll of amnesia
 o - a scroll of teleportation
 r - a scroll of fear
Potions
 c - a potion of might
 f - 2 potions of brilliance
 g - 2 potions of haste {unknown}
 h - a potion of magic {unknown}
 l - a potion of flight {unknown}
 n - a potion of degeneration {unknown}
 p - a potion of lignification {unknown}
 q - a potion of mutation {unknown}
Comestibles
 d - 6 rations
 m - 3 chunks of flesh


   Skills:
 - Level 3.0 Fighting
 + Level 4.6 Short Blades
 - Level 3.0 Dodging
 + Level 5.9 Stealth
 - Level 3.0 Shields


You had 5 spell levels left.
You didn't know any spells.
Your spell library was empty.

Dungeon Overview and Level Annotations

Branches:
Dungeon (4/15)
 Temple: D:4-7

Altars:
Gozag
Hepliaklqana
Xom
Yredelemnul


Innate Abilities, Weirdness & Mutations

You cannot wear most types of armour.
You are very stealthy in the water. (Stealth+)
You are amphibious.
You can wear up to eight rings at the same time.
You can use your tentacles to constrict eight enemies at once.
Your skin changes colour to match your surroundings (Stealth+).
Your rubbery body absorbs attacks. (AC +1, EV +1)


Message History

You hit the gnoll.
You kill the gnoll!
You block the gnoll's attack.
The gnoll hits you from afar with a halberd.
The gnoll closely misses you. The gnoll hits you with a halberd!
You hit the gnoll. You grab the gnoll.
The gnoll is moderately wounded.
You constrict the gnoll. The gnoll hits you but does no damage.
The gnoll closely misses you. The gnoll hits you with a halberd!
* * * LOW HITPOINT WARNING * * *
You are too injured to fight recklessly!
You are too injured to fight recklessly!
You hit the gnoll.
You kill the gnoll!
The gnoll barely misses you.
You hit the gnoll. You grab the gnoll.
The gnoll is lightly wounded.
You constrict the gnoll, but do no damage.
The gnoll hits you with a spear!
You die...

# ... # ...... #
...... ###### ......
....... ######......
....... #...(......
....... #.)g.......
.......
#..@..########......
#..)).#......#######
#.....#.......#....#
#.....'.......#....#
#.....#.......#....#
#.....#.......#....'
#.....#......##...##
#.....#......##.?.##
#.....#)#######..[.#


You could see a gnoll.

Vanquished Creatures
  A scorpion (D:4)
  A howler monkey (D:4)
  Ijyb (D:3)
  A hound skeleton (D:4)
  3 gnolls (D:4)
  2 adders (D:2)
  An ooze (D:2)
  6 worms
  2 dart slugs
  2 leopard geckos
  8 orcs
  7 bats
  5 goblins
  7 hobgoblins
  4 kobolds
  3 quokkas
  A ball python (D:1)
  3 frilled lizards
  6 rats
64 creatures vanquished.

Notes
Turn   | Place    | Note
-------+----------+-------------------------------------------
     0 | D:1      | Hibernaculum the Octopode Fighter began the quest for the Orb.
     0 | D:1      | Reached XP level 1. HP: 16/16 MP: 1/1
   188 | D:1      | Reached skill level 1 in Stealth
   224 | D:1      | Reached XP level 2. HP: 20/21 MP: 2/2
   326 | D:1      | Reached skill level 2 in Stealth
  1070 | D:1      | Reached XP level 3. HP: 26/26 MP: 3/3
  1382 | D:2      | Reached skill level 3 in Stealth
  1576 | D:2      | Reached XP level 4. HP: 31/31 MP: 4/4
  1846 | D:3      | Noticed Ijyb
  1853 | D:3      | Killed Ijyb
  1853 | D:3      | Reached skill level 4 in Stealth
  2094 | D:3      | Found a shimmering altar of Xom.
  2202 | D:3      | Found an opulent altar of Gozag.
  2267 | D:3      | Reached XP level 5. HP: 36/36 MP: 5/5
  2371 | D:3      | Found a hazy altar of Hepliaklqana.
  2372 | D:3      | Found a basalt altar of Yredelemnul.
  2533 | D:4      | Reached skill level 5 in Stealth
  2609 | D:4      | Reached XP level 6. HP: 24/42 MP: 6/6
  2787 | D:4      | Slain by a gnoll

Vault maps used:
D:1:      evilmike_arrival_run_for_it, grunt_decor_one_mirror
D:2:      first_ration
D:3:      lemuel_crystal_altar, marbit_many_paths,
          gammafunk_temple_overflow_pools, uniq_ijyb

Skill      XL: |  1  2  3  4  5 |
---------------+----------------+-----
Stealth        | 1 2 3 4 5 |  5.9
Short Blades   | 3 4 |  4.6
Fighting       | |  3.0
Dodging        | |  3.0
Shields        | |  3.0

Action                   |  1- 3 |  4- 6 || total
-------------------------+-------+-------++-------
Melee: Rapier            |    62 |    65 ||   127
       Constrict         |    16 |    18 ||    34
       Tentacles         |    10 |    12 ||    22
  Use: Scroll            |       |     8 ||     8
 Stab: Sleeping          |    12 |    10 ||    22
  Eat: Chunk             |     2 |     4 ||     6
Armor: Skin              |     6 |     2 ||     8
Dodge: Dodged            |    15 |    14 ||    29
Block: Shield            |    17 |    20 ||    37

Table legend:
 A = Spawn XP
 B = Non-spawn XP
 C = Spawn XP percentage of total XP
 D = Spawn monster count
 E = Non-spawn monster count
 F = Spawn count percentage of total count
 G = Total turns spent on level
                    A         B        C        D         E        F      G
               +---------+---------+-------+---------+---------+-------+---------
         Total |       0 |     375 |   0.0 |       0 |      64 |   0.0 |  2787
               +---------+---------+-------+---------+---------+-------+---------
           D:1 |       0 |      35 |   0.0 |       0 |      20 |   0.0 |  1212
           D:2 |       0 |      68 |   0.0 |       0 |      17 |   0.0 |   575
           D:3 |       0 |      72 |   0.0 |       0 |      16 |   0.0 |   665
           D:4 |       0 |     200 |   0.0 |       0 |      11 |   0.0 |   335
               +---------+---------+-------+---------+---------+-------+---------
